 Dungeon Crawl Stone Soup version 0.28.0-62-gf88900778d (webtiles) character file.

Game seed: 18337254308220678728

33 Coron the Sneak (level 3, -6/34 HPs)
             Began as a Deep Dwarf Delver on Mar 30, 2023.
             Shot with an arrow by a centaur (7 damage)
             ... on level 5 of the Dungeon.
             The game lasted 00:00:43 (81 turns).

Coron the Sneak (Deep Dwarf Delver)                   Turns: 81, Time: 00:00:43

Health: -6/34      AC:  3    Str: 17    XL:     3   Next: 12%
Magic:  3/3        EV: 12    Int: 10    God:
Gold:   0          SH:  0    Dex: 14    Spells: 2/2 levels left

rFire   . . .      SeeInvis .   a - +0 hand axe
rCold   . . .      Faith    .   (no shield)
rNeg    . . .      Spirit   .   b - +0 leather armour
rPois   .          Reflect  .   (no helmet)
rElec   .          Harm     .   (no cloak)
rCorr   .          Rampage  .   (no gloves)
Will    .....                   (no boots)
Stlth   +++.......              (no amulet)
HPRegen 0.00/turn               (no ring)
MPRegen 0.08/turn               (no ring)

@: no status effects
A: damage resistance, heal wounds, sense surroundings 1, no regeneration
a: Heal Wounds


You were on level 5 of the Dungeon.
You visited 1 branch of the dungeon, and saw 1 of its levels.

Inventory:

Hand Weapons
 a - a +0 hand axe (weapon)
Armour
 b - a +0 leather armour (worn)
Wands
 g - a wand of digging (3)
Scrolls
 c - a scroll of fog
 d - a scroll of magic mapping
 e - a scroll of fear
Potions
 f - a potion of haste


   Skills:
 - Level 3.0 Fighting
 - Level 3.0 Axes
 + Level 1.9 Armour
 - Level 2.1 Dodging
 - Level 6.0 Stealth


You had 2 spell levels left.
You didn't know any spells.
Your spell library was empty.

Dungeon Overview and Level Annotations

Branches:
Dungeon (5/15)
 Temple: D:4-7

Altars:


Innate Abilities, Weirdness & Mutations

You are resistant to damage.
You can heal yourself by infusing magical energy.
You passively map a small area around you.
You do not regenerate.


Message History

The howler monkey barely misses you.
You closely miss the howler monkey.
The howler monkey is moderately wounded.
The howler monkey closely misses you.
The howler monkey hits you but does no damage.
You slash the howler monkey!
The howler monkey is severely wounded.
The howler monkey hoots and howls with incredible vigour!
You hear a shout!
You hit the howler monkey.
The howler monkey is almost dead.
The howler monkey hits you but does no damage.
You barely miss the howler monkey.
The howler monkey is almost dead.
The howler monkey hits you. The howler monkey closely misses you.
You barely miss the howler monkey.
The howler monkey is almost dead.
The howler monkey hoots and howls with incredible vigour!
You barely miss the howler monkey.
The howler monkey is almost dead.
The howler monkey hits you. x2
You slash the howler monkey!
You kill the howler monkey!
Training target 3.0 for Fighting reached!
Training target 3.0 for Axes reached!
Your Fighting skill increases to level 3!
Your Axes skill increases to level 3!
Your Armour skill increases to level 1!
You have reached level 2!
You have reached level 3!
Your experience leads to an increase in your attributes!
Increase (S)trength, (I)ntelligence, or (D)exterity?
You feel stronger. x2
A centaur comes into view.
The centaur wields a +0 shortbow.
The centaur shoots an arrow.
The arrow hits you.
The centaur shoots an arrow.
The arrow hits you!
* * * LOW HITPOINT WARNING * * *
An orc comes into view. It is wielding a +0 club.
The centaur shoots an arrow.
The arrow hits you!
You die...

* #...### * *
#...'. * #...#*
* , ,*#...#..
,* *#.###.#* ,
,,#.# .# *
#.###'##* * *
,#......# * * *
#@.....# ,
#..##......+,
.(...c......#*,
.....o.#....#
*##.#..##.##.#
, , ,
.......#.# .# *
,###....#.# #
*, , #....#.#*,
##...#.#


You could see a centaur and an orc.

Vanquished Creatures
  A howler monkey (D:5)
1 creature vanquished.

Notes
Turn   | Place    | Note
-------+----------+-------------------------------------------
     0 | D:5      | Coron the Deep Dwarf Delver began the quest for the Orb.
     0 | D:5      | Reached XP level 1. HP: 20/20 MP: 1/1
    61 | D:5      | Noticed a howler monkey
    77 | D:5      | Killed a howler monkey
    78 | D:5      | Reached skill level 1 in Armour
    78 | D:5      | Reached XP level 2. HP: 14/28 MP: 2/2
    78 | D:5      | Reached XP level 3. HP: 17/34 MP: 3/3
    79 | D:5      | Noticed a centaur
    80 | D:5      | HP: 1/34 [centaur/arrow (11)]
    81 | D:5      | Shot with an arrow by a centaur

Illustrated notes

Levels and vault maps discovered:
D:5:      layout_basic, uniq_menkaure, uniq_prince_ribbit1

Skill      XL: |  1 |
---------------+----+-----
Fighting       | 3 |  3.0
Axes           | 3 |  3.0
Armour         | 1 |  1.9
Dodging        | |  2.1
Stealth        | |  6.0

Action                   || total
-------------------------++-------
Melee: Hand axe          ||    10
Armor: Leather armour    ||     2
Dodge: Dodged            ||     4
